PA-
REDWOOD RHINOS @ GREENPORT HARBOR WHALES
08/20/2048
 
TOP OF THE 1ST
Redwood Rhinos batting - Pitching for Greenport Harbor Whales : LHP Karsten Lips
Pitching: LHP Karsten Lips
Batting: RHB Armando Pineda 0-0: Ball
1-0: Foul Ball, location: 2F
1-1: Fly out, F8 (Line Drive, 8RD, EV 95.6 MPH)
Batting: RHB Carlos Anaya 0-0: Ball
1-0: Called Strike
1-1: Ball
2-1: Fly out, F8 (Flyball, 89D, EV 93.8 MPH)
Batting: RHB Dong-su Yun 0-0: Ball
1-0: Foul Ball, location: 2F
1-1: Foul Ball, location: 2F
1-2: Ball
2-2: Ground out 5-3 (Groundball, 56, EV 86.2 MPH)
Top of the 1st over - 0 runs, 0 hits, 0 errors, 0 left on base; Redwood 0 - Greenport 0
BOTTOM OF THE 1ST
Greenport Harbor Whales batting - Pitching for Redwood Rhinos : LHP Tu-chin Pak
Pitching: LHP Tu-chin Pak
Batting: LHB Miguel Tobías 0-0: Foul Ball, location: 2F
0-1: Ball
1-1: Foul Ball, location: 2F
1-2: DOUBLE (Flyball, 8RXD, EV 108.8 MPH)
Batting: SHB Millard Blanchard 0-0: SINGLE (Groundball, 3S, EV 73.8 MPH) (infield hit)
Miguel Tobías to third
Batting: RHB Colm Reyes 0-0: Ball
1-0: Fielders Choice at 2nd, 3-6 (Groundball, 13, EV 91.9 MPH)
Miguel Tobías scores
Batting: RHB Rikyu Sakurai 0-0: Called Strike
0-1: Fly out, F4 (Popup, 4D, EV 46.9 MPH)
Batting: RHB Scott Miller 0-0: Ball
1-0: Ball
Colm Reyes is caught stealing 2nd base 2-4
Bottom of the 1st over - 1 run, 2 hits, 0 errors, 0 left on base; Redwood 0 - Greenport 1
TOP OF THE 2ND
Redwood Rhinos batting - Pitching for Greenport Harbor Whales : LHP Karsten Lips
Batting: RHB Flobert Immerrechts 0-0: Fly out, F7 (Flyball, 7, EV 76.2 MPH)
Batting: SHB Raúl Mercado 0-0: Foul Ball, location: 2F
0-1: Fly out, F9 (Line Drive, 9D, EV 101.2 MPH)
Batting: RHB Francisco Vázquez 0-0: Hit by Pitch
Batting: LHB Charles Dalby 0-0: Ball
1-0: Foul Ball, location: 2F
1-1: Ball
2-1: Fielders Choice at 2nd, 6-4 (Groundball, 6, EV 101.2 MPH)
Top of the 2nd over - 0 runs, 0 hits, 0 errors, 1 left on base; Redwood 0 - Greenport 1
BOTTOM OF THE 2ND
Greenport Harbor Whales batting - Pitching for Redwood Rhinos : LHP Tu-chin Pak
Batting: RHB Scott Miller 0-0: Called Strike
0-1: Foul Ball, location: 2F
0-2: Ball
1-2: Ball
2-2: Foul Ball, location: 2F
2-2: Ball
3-2: Ground out U3 (Groundball, 34S, EV 85.0 MPH)
Batting: LHB Jorge Salazar 0-0: Foul Ball, location: 2F
0-1: Swinging Strike
0-2: Ball
1-2: Ball
2-2: Ball
3-2: Fly out, F8 (Flyball, 8LM, EV 80.0 MPH)
Batting: RHB Ricardo Estrada 0-0: Ground out 5-3 (Groundball, 5, EV 81.9 MPH)
Bottom of the 2nd over - 0 runs, 0 hits, 0 errors, 0 left on base; Redwood 0 - Greenport 1
TOP OF THE 3RD
Redwood Rhinos batting - Pitching for Greenport Harbor Whales : LHP Karsten Lips
Batting: RHB Douglas Tomkins 0-0: Called Strike
0-1: Swinging Strike
0-2: Ball
1-2: Strikes out looking
Batting: RHB Clyde Hilder 0-0: Ball
1-0: Called Strike
1-1: Foul Ball, location: 2F
1-2: Ball
2-2: Strikes out looking
Batting: RHB Armando Pineda 0-0: Ball
1-0: Swinging Strike
1-1: Ball
2-1: Ball
3-1: Called Strike
3-2: Strikes out swinging
Top of the 3rd over - 0 runs, 0 hits, 0 errors, 0 left on base; Redwood 0 - Greenport 1
BOTTOM OF THE 3RD
Greenport Harbor Whales batting - Pitching for Redwood Rhinos : LHP Tu-chin Pak
Batting: RHB Jerrel van Katwijk 0-0: Ball
1-0: Called Strike
1-1: Foul Ball, location: 2F
1-2: Foul Ball, location: 2F
1-2: Fly out, F8 (Flyball, 8LM, EV 73.1 MPH)
Batting: RHB Juan Miranda 0-0: Called Strike
0-1: Called Strike
0-2: Ball
1-2: Foul Ball, location: 2F
1-2: Ball
2-2: Ball
3-2: Strikes out swinging
Batting: LHB Miguel Tobías 0-0: Called Strike
0-1: Ball
1-1: Ball
2-1: Foul Ball, location: 2F
2-2: Strikes out swinging
Bottom of the 3rd over - 0 runs, 0 hits, 0 errors, 0 left on base; Redwood 0 - Greenport 1
TOP OF THE 4TH
Redwood Rhinos batting - Pitching for Greenport Harbor Whales : LHP Karsten Lips
Batting: RHB Carlos Anaya 0-0: Ball
1-0: Called Strike
1-1: Foul Ball, location: 2F
1-2: Ball
2-2: SOLO HOME RUN (Flyball, 7D, EV 100.6 MPH), Distance : 359 ft
Batting: RHB Dong-su Yun 0-0: Ball
1-0: Reached on error, E6 (Groundball, 6, EV 85.0 MPH)
Batting: RHB Flobert Immerrechts 0-0: Ball
1-0: Fly out, F5 (Popup, 25F, EV 79.4 MPH)
Batting: SHB Raúl Mercado 0-0: Ball
1-0: Ball
2-0: Ball
3-0: Called Strike
3-1: Called Strike
3-2: Strikes out looking
Batting: RHB Francisco Vázquez 0-0: SINGLE (Line Drive, 56, EV 98.8 MPH)
Dong-su Yun to second
Batting: LHB Charles Dalby 0-0: Ball
1-0: Hit by Pitch
Dong-su Yun to third
Francisco Vázquez to second
Batting: RHB Douglas Tomkins 0-0: Called Strike
0-1: Swinging Strike
0-2: Ball
1-2: Fielders Choice at 2nd, 6-4 (Groundball, 6, EV 84.4 MPH)
Top of the 4th over - 1 run, 2 hits, 1 error, 3 left on base; Redwood 1 - Greenport 1
BOTTOM OF THE 4TH
Greenport Harbor Whales batting - Pitching for Redwood Rhinos : LHP Tu-chin Pak
Batting: SHB Millard Blanchard 0-0: Called Strike
0-1: Ball
1-1: Ball
2-1: Ball
3-1: SINGLE (Line Drive, 34D, EV 96.9 MPH)
Batting: RHB Colm Reyes 0-0: Called Strike
0-1: Ball
1-1: Ball
2-1: Ball
3-1: Called Strike
3-2: 2-RUN HOME RUN (Flyball, 78XD, EV 98.1 MPH), Distance : 400 ft
Batting: RHB Rikyu Sakurai 0-0: Ball
1-0: SINGLE (Flyball, 4D, EV 88.8 MPH)
Batting: RHB Scott Miller 0-0: Ball
1-0: Called Strike
1-1: Called Strike
1-2: Ball
2-2: Grounds into double play, 4-6-3 (Groundball, 4, EV 87.5 MPH)
Batting: LHB Jorge Salazar 0-0: SINGLE (Flyball, 78S, EV 90.6 MPH)
Batting: RHB Ricardo Estrada 0-0: Ball
1-0: Ball
2-0: Ground out 4-3 (Groundball, 4S, EV 73.8 MPH)
Bottom of the 4th over - 2 runs, 4 hits, 0 errors, 1 left on base; Redwood 1 - Greenport 3
TOP OF THE 5TH
Redwood Rhinos batting - Pitching for Greenport Harbor Whales : LHP Karsten Lips
Batting: RHB Clyde Hilder 0-0: Called Strike
0-1: Swinging Strike
0-2: Strikes out swinging
Batting: RHB Armando Pineda 0-0: Ball
1-0: Called Strike
1-1: Ball
2-1: Called Strike
2-2: Strikes out swinging
Batting: RHB Carlos Anaya 0-0: Ball
1-0: Ball
2-0: Ball
3-0: Called Strike
3-1: Base on Balls
Batting: RHB Dong-su Yun 0-0: Called Strike
0-1: Called Strike
0-2: Ball
1-2: Foul Ball, location: 2F
1-2: Ball
2-2: Fielders Choice at 2nd, 6-4 (Groundball, 6, EV 103.8 MPH)
Top of the 5th over - 0 runs, 0 hits, 0 errors, 1 left on base; Redwood 1 - Greenport 3
BOTTOM OF THE 5TH
Greenport Harbor Whales batting - Pitching for Redwood Rhinos : LHP Tu-chin Pak
Batting: RHB Jerrel van Katwijk 0-0: Called Strike
0-1: Ball
1-1: TRIPLE (Flyball, 89XD, EV 96.2 MPH)
Batting: RHB Juan Miranda 0-0: Ground out 5-3 (Groundball, 56S, EV 82.5 MPH)
Jerrel van Katwijk scores
Batting: LHB Miguel Tobías 0-0: Called Strike
0-1: Ball
1-1: Ball
2-1: Ball
3-1: Base on Balls
Batting: SHB Millard Blanchard 0-0: Called Strike
0-1: Ground out 5-3 (Groundball, 56S, EV 68.8 MPH)
Miguel Tobías to second
Batting: RHB Colm Reyes 0-0: Ball
1-0: SINGLE (Line Drive, 89S, EV 103.8 MPH)
Miguel Tobías to third
Batting: RHB Rikyu Sakurai 0-0: Ball
1-0: Ball
2-0: Fielders Choice at 2nd, 5-4 (Groundball, 5, EV 103.8 MPH)
Bottom of the 5th over - 1 run, 2 hits, 0 errors, 2 left on base; Redwood 1 - Greenport 4
TOP OF THE 6TH
Redwood Rhinos batting - Pitching for Greenport Harbor Whales : LHP Karsten Lips
Batting: RHB Flobert Immerrechts 0-0: Called Strike
0-1: Foul Ball, location: 2F
0-2: Ball
1-2: Foul Ball, location: 2F
1-2: Foul Ball, location: 2F
1-2: Foul Ball, location: 2F
1-2: Ball
2-2: Ball
3-2: Foul Ball, location: 2F
3-2: SINGLE (Groundball, 4D, EV 104.4 MPH)
Batting: SHB Raúl Mercado 0-0: Swinging Strike
0-1: Ball
1-1: Swinging Strike
1-2: Ball
2-2: Strikes out swinging
Pitching: RHP Esteban Ocon
Batting: RHB Francisco Vázquez 0-0: Ball
1-0: Fielders Choice at 2nd, 6-4 (Groundball, 56, EV 80.6 MPH)
Batting: LHB Charles Dalby 0-0: Ball
1-0: Ball
2-0: Foul Ball, location: 2F
2-1: Foul Ball, location: 2F
2-2: Strikes out swinging
Top of the 6th over - 0 runs, 1 hit, 0 errors, 1 left on base; Redwood 1 - Greenport 4
BOTTOM OF THE 6TH
Greenport Harbor Whales batting - Pitching for Redwood Rhinos : LHP Tu-chin Pak
Pitching: LHP Luis Mendoza
Batting: RHB Scott Miller 0-0: Ball
1-0: Ground out 6-3 (Groundball, 56, EV 107.5 MPH)
Batting: LHB Jorge Salazar 0-0: Ball
1-0: Foul Ball, location: 2F
1-1: Foul Ball, location: 2F
1-2: Foul Ball, location: 2F
1-2: Ball
2-2: SINGLE (Line Drive, 8RS, EV 88.8 MPH)
Batting: RHB Ricardo Estrada 0-0: Ball
1-0: Ball
2-0: Ball
3-0: Base on Balls
Jorge Salazar to second
Batting: RHB Jerrel van Katwijk 0-0: Called Strike
0-1: Grounds into double play, 3-6-1 (Groundball, 34S, EV 85.6 MPH)
Bottom of the 6th over - 0 runs, 1 hit, 0 errors, 1 left on base; Redwood 1 - Greenport 4
TOP OF THE 7TH
Redwood Rhinos batting - Pitching for Greenport Harbor Whales : RHP Esteban Ocon
Batting: RHB Douglas Tomkins 0-0: Swinging Strike
0-1: Called Strike
0-2: Ball
1-2: Ball
2-2: Ball
3-2: Strikes out looking
Batting: RHB Clyde Hilder 0-0: Ball
1-0: Ball
2-0: Ground out 5-3 (Groundball, 56, EV 83.8 MPH)
Batting: RHB Armando Pineda 0-0: Reached on error, E6 (Groundball, 6, EV 79.4 MPH)
Batting: RHB Carlos Anaya 0-0: Called Strike
Armando Pineda steals 2nd base
0-1: Called Strike
0-2: Ball
1-2: SINGLE (Groundball, 4M, EV 95.6 MPH)
Armando Pineda to third
Runner from 3rd tries for Home, SAFE, throw by CF to home
Batting: RHB Dong-su Yun 0-0: Called Strike
Carlos Anaya steals 2nd base
0-1: Ball
1-1: Called Strike
1-2: Foul Ball, location: 2F
1-2: Ball
2-2: Strikes out looking
Top of the 7th over - 1 run, 1 hit, 1 error, 1 left on base; Redwood 2 - Greenport 4
BOTTOM OF THE 7TH
Greenport Harbor Whales batting - Pitching for Redwood Rhinos : LHP Luis Mendoza
Batting: RHB Juan Miranda 0-0: Called Strike
0-1: Foul Ball, location: 2F
0-2: Ball
1-2: Strikes out swinging
Batting: LHB Miguel Tobías 0-0: Ball
1-0: Ball
2-0: Foul Ball, location: 2F
2-1: Called Strike
2-2: Foul Ball, location: 2F
2-2: Foul Ball, location: 2F
2-2: Ball
3-2: Ground out 6-3 (Groundball, 6, EV 91.9 MPH)
Batting: SHB Millard Blanchard 0-0: Fly out, F7 (Flyball, 78S, EV 91.2 MPH)
Bottom of the 7th over - 0 runs, 0 hits, 0 errors, 0 left on base; Redwood 2 - Greenport 4
TOP OF THE 8TH
Redwood Rhinos batting - Pitching for Greenport Harbor Whales : RHP Esteban Ocon
Batting: RHB Flobert Immerrechts 0-0: Ball
1-0: Swinging Strike
1-1: Ground out 5-3 (Groundball, 56, EV 85.6 MPH)
Batting: SHB Raúl Mercado 0-0: Called Strike
0-1: Ball
1-1: Ball
2-1: Swinging Strike
2-2: Foul Ball, location: 2F
2-2: Ball
3-2: Fly out, F9 (Line Drive, 9, EV 93.1 MPH)
Batting: RHB Francisco Vázquez 0-0: SINGLE (Groundball, 6D, EV 98.1 MPH)
Batting: LHB Charles Dalby 0-0: Ball
1-0: Foul Ball, location: 2F
1-1: Ball
2-1: Ball
3-1: Called Strike
3-2: Fly out, F9 (Flyball, 9S, EV 76.9 MPH)
Top of the 8th over - 0 runs, 1 hit, 0 errors, 1 left on base; Redwood 2 - Greenport 4
BOTTOM OF THE 8TH
Greenport Harbor Whales batting - Pitching for Redwood Rhinos : LHP Luis Mendoza
Batting: RHB Colm Reyes 0-0: Called Strike
0-1: Fly out, F4 (Popup, 4M, EV 55.0 MPH)
Batting: RHB Rikyu Sakurai 0-0: Ball
1-0: Called Strike
1-1: Ball
2-1: Ball
3-1: Base on Balls
Batting: RHB Scott Miller 0-0: Ball
1-0: Foul Ball, location: 2F
1-1: Called Strike
1-2: Foul Ball, location: 2F
1-2: Ball
2-2: Foul Ball, location: 2F
2-2: Strikes out swinging
Batting: LHB Jorge Salazar 0-0: Foul Ball, location: 2F
0-1: Called Strike
0-2: Ball
1-2: Ball
2-2: Ball
3-2: Foul Ball, location: 2F
3-2: Ground out 4-3 (Groundball, 4M, EV 85.0 MPH)
Bottom of the 8th over - 0 runs, 0 hits, 0 errors, 1 left on base; Redwood 2 - Greenport 4
TOP OF THE 9TH
Redwood Rhinos batting - Pitching for Greenport Harbor Whales : RHP Esteban Ocon
Pitching: RHP Edgar García
Pinch Hitting: RHB Lense Bekema 0-0: Ball
1-0: Ground out 5-3 (Groundball, 56S, EV 68.8 MPH)
Pinch Hitting: RHB Arturo Medina 0-0: Ball
1-0: Called Strike
1-1: Foul Ball, location: 2F
1-2: Strikes out swinging
Batting: RHB Armando Pineda 0-0: Ball
1-0: Called Strike
1-1: SINGLE (Groundball, 6D, EV 95.6 MPH)
Batting: RHB Carlos Anaya 0-0: Swinging Strike
0-1: Ball
1-1: Ball
2-1: Foul Ball, location: 2F
2-2: Ball
3-2: Reached on error, E6 (Groundball, 56, EV 83.1 MPH)
Armando Pineda to third
Batting: RHB Dong-su Yun 0-0: Ball
1-0: Foul Ball, location: 2F
1-1: Swinging Strike
1-2: Fly out, F5 (Flyball, 56D, EV 91.9 MPH)
Top of the 9th over - 0 runs, 1 hit, 1 error, 2 left on base; Redwood 2 - Greenport 4
Monday, October 31st , 2022 - OOTP Baseball 22.12 Build 89